 Dungeon Crawl Stone Soup version 0.31.0-32-g396128a36d (webtiles) character file.

Game seed: 551549635400050794

110450 postfeelist the Executioner (level 16, 0/144 HPs)
             Began as a Hill Orc Fighter on Mar 16, 2024.
             Was the Champion of Nemelex Xobeh.
             Slain by a radroach (shapeshifter) (43 damage)
             ... on level 2 of the Swamp.
             The game lasted 01:24:39 (34029 turns).

postfeelist the Executioner (Hill Orc Fighter)     Turns: 34029, Time: 01:24:40

Health: 0/144      AC: 25    Str: 33    XL:     16   Next: 55%
Magic:  0/28       EV:  8    Int: 11    God:    Nemelex Xobeh [******]
Gold:   265        SH:  0    Dex: 13    Spells: 15/15 levels left

rFire   + . .        W - +7 battleaxe "Earthworm" {heavy, rElec}
rCold   . . .        (shield currently unavailable)
rNeg    . . .        A - +0 plate armour {rF+}
rPois   +            l - +2 hat of the Bear Spirit {Spirit, Bear, *Rage Will++}
rElec   +            m - +1 cloak {Will+}
rCorr   .            i - +0 pair of gloves
SInv    .            n - +1 pair of boots
Will    ++++.        T - amulet of guardian spirit Stlth
                     J - ring "Cunietoq" {*Corrode Str+6 Int+3 Dex+3}
HPRegen 0.44/turn    b - ring of poison resistance
MPRegen 0.21/turn

%: random rage (20%), corrode self (3%), guardian spirit
@: on berserk cooldown, slowed, very slow
A: no striking features
a: Renounce Religion, Draw Escape, Draw Destruction, Draw Summoning, Triple
Draw, Deal Four, Stack Five


You were on level 2 of the Swamp.
You worshipped Nemelex Xobeh.
Nemelex Xobeh was exalted by your worship.
You visited 5 branches of the dungeon, and saw 25 of its levels.
You visited 1 bazaar.

You collected 2605 gold pieces.
You spent 2340 gold pieces at shops.

Inventory:

Hand Weapons
 O - the +7 war axe "Nocs" {drain, rF+ rN+}
   (You found it on level 1 of the Lair of Beasts)

   rF+:       It protects you from fire.
   rN+:       It protects you from negative energy.
 W - the +7 battleaxe "Earthworm" (weapon) {heavy, rElec}
   (You took it off Kirke on level 5 of the Lair of Beasts)

   rElec:     It insulates you from electricity.
Missiles
 o - 16 javelins
Armour
 g - the +0 chain mail "Osuhoic" {Str+5 Dex+4 Stlth+}
   (You found it on level 1 of the Lair of Beasts)

   Str+5:     It affects your strength (+5).
   Dex+4:     It affects your dexterity (+4).
   Stlth+:    It makes you more stealthy.
 i - a +0 pair of gloves (worn)
 l - the +2 hat of the Bear Spirit (worn) {Spirit, Bear, *Rage Will++}
   (You bought it in a shop on level 2 of the Orcish Mines)

   Bear:      Going berserk makes the wearer exceptionally tough, and they are
   slowed for a shorter time afterward.
   Will++:    It greatly increases your willpower.
   *Rage:     It berserks you when you make melee attacks (+20% chance).
 m - a +1 cloak of willpower (worn)
 n - a +1 pair of boots (worn)
 p - the +4 chain mail "Qiagaom" {rElec Str+2}
   (You found it on level 3 of the Dungeon)

   Str+2:     It affects your strength (+2).
   rElec:     It insulates you from electricity.
 A - a +0 plate armour of fire resistance (worn)
 I - a +0 kite shield
 U - a +1 helmet of see invisible
Jewellery
 a - a ring of flight
 b - a ring of poison resistance (right hand)
 v - a +5 ring of evasion
 J - the ring "Cunietoq" (left hand) {*Corrode Str+6 Int+3 Dex+3}
   (You bought it in a shop in a bazaar)

   [ring of strength]

   Str+6:     It affects your strength (+6).
   Int+3:     It affects your intelligence (+3).
   Dex+3:     It affects your dexterity (+3).
   *Corrode:  It may corrode you when you take damage.
 M - a +4 ring of protection
 T - an amulet of guardian spirit (around neck)
 Z - a +4 ring of slaying
Wands
 d - a wand of roots (17)
 s - a wand of digging (7)
 C - a wand of flame (34) (quivered)
 G - a wand of charming (16)
 X - a wand of mindburst (5)
 Y - a wand of polymorph (5)
Scrolls
 f - 3 scrolls of blinking
 r - 12 scrolls of teleportation
 t - 4 scrolls of revelation
 u - a scroll of brand weapon
 w - a scroll of enchant weapon
 y - 3 scrolls of immolation
 K - 3 scrolls of poison
 L - 7 scrolls of identify
 Q - 2 scrolls of amnesia
 R - a scroll of vulnerability
 V - a scroll of fog
Potions
 e - 6 potions of heal wounds
 j - 7 potions of curing
 k - 5 potions of mutation
 q - 2 potions of berserk rage
 x - 4 potions of brilliance
 z - 4 potions of haste
 B - 2 potions of lignification
 D - 2 potions of might
 E - 3 potions of attraction
 F - 7 potions of ambrosia
 H - 2 potions of invisibility
 N - 4 potions of enlightenment
 P - 2 potions of magic
 S - a potion of resistance
Miscellaneous
 c - a tin of tremorstones (2/2)
 h - a lightning rod (4/4)


   Skills:
 - Level 13.3 Fighting
 + Level 21.2 Axes
 + Level 14.2 Armour
 - Level 13.0 Shields
 + Level 17.7 Invocations


You had 15 spell levels left.
You didn't know any spells.
Your spell library contained the following spells:

 Spells                   Type           Power      Damage    Failure   Level
 Foxfire                  Conj/Fire      0%         2x1d4     86%         1
 Freeze                   Ice            0%         1d3       86%         1
 Kiss of Death            Conj/Necr      0%         2d5       86%         1
 Magic Dart               Conj           0%         1d3       86%         1
 Blink                    Tloc           0%         N/A       95%         2
 Call Imp                 Summ           0%         N/A       95%         2
 Static Discharge         Conj/Air       0%         3-3/arc   95%         2
 Confusing Touch          Hex            0%         N/A       99%         3
 Frozen Ramparts          Ice            0%         1d1       99%         3
 Gell's Gravitas          Tloc           0%         N/A       99%         3
 Hailstorm                Conj/Ice       0%         3d5       99%         3
 Teleport Other           Tloc           0%         N/A       99%         3
 Tukima's Dance           Hex            0%         N/A       99%         3
 Volatile Blastmotes      Fire/Tloc      0%         2d10      99%         3
 Anguish                  Hex/Necr       0%         N/A       100%        4
 Animate Armour           Summ/Erth      0%         N/A       100%        4
 Cause Fear               Hex            0%         N/A       100%        4
 Dimensional Bullseye     Hex/Tloc       0%         N/A       100%        4
 Dispel Undead            Necr           0%         3d6       100%        4
 Iskenderun's Mystic Bla  Conj/Tloc      0%         2d3       100%        4
 Summon Lightning Spire   Summ/Air       0%         N/A       100%        4
 Vhi's Electric Charge    Tloc/Air       0%         N/A       100%        4
 Lee's Rapid Deconstruct  Erth           0%         3d4*      100%        5
 Summon Forest            Summ/Tloc      0%         N/A       100%        5
 Dispersal                Tloc           0%         N/A       100%        6
 Plasma Beam              Fire/Air       0%         2x1d10    100%        6
 Starburst                Conj/Fire      0%         6d3       100%        6
 Enfeeble                 Hex            0%         N/A       100%        7
 Ignition                 Fire           0%         3d3       100%        8


Dungeon Overview and Level Annotations

Branches:
Dungeon (15/15)            Temple (1/1) D:7            Lair (5/5) D:9
  Swamp (2/4) Lair:2        Snake (0/4) Lair:2        Slime (0/5) Lair:4
    Orc (2/2) D:10            Elf (0/3) Orc:2        Vaults (0/5) D:14
 Depths (0/4) D:15

Altars:
Ashenzari
Cheibriados
Dithmenos
Elyvilon
Fedhas
Gozag
Hepliaklqana
Kikubaaqudgha
Makhleb
Nemelex Xobeh
Okawaru
Qazlal
Ru
Sif Muna
Trog
Uskayaw
Vehumet
Wu Jian
Xom
Yredelemnul
Zin
The Shining One
Beogh
Jiyva

Shops:
D:5 *   D:7 ?   D:9 !   D:15 :   Orc:2 [*(:

Portals:
Trove: D:10 (give horn of Geryon)

Annotations:
D:7 exclusion: oklob plant
D:13 3 runed translucent doors, CapUranus's ghost, journeyman HOFi
D:15 3 runed translucent doors, Yakesh's ghost, journeyman MiFi
Lair:2 exclusion: oklob plant
Lair:3 1 runed translucent door
Lair:4 2 transporters, exclusion: oklob plant, Beaer's ghost, journeyman TrFi


Message History

The swamp dragon is severely wounded.
The bolt of acid hits the shapeshifter!!!
The shapeshifter is almost dead.
The bolt of acid hits the frilled lizard!!!
The acid corrodes the frilled lizard!
You kill the frilled lizard!
You deal a card...
You have dealt Pain.
Press: ? - help, Shift-Dir - straight line, f - ogre
Aim: an ogre (misshapen and mutated)
The bolt of negative energy hits the swamp dragon!!!
The swamp dragon is drained!
You kill the swamp dragon!
The spriggan rider returns to its original shape as it dies.
The bolt of negative energy hits the ogre!!!
The ogre is drained!
You kill the ogre!
The spriggan rider returns to its original shape as it dies.
Your orb of destruction hits a mangrove. x2
The shapeshifter changes into a radroach!
The ball python bites you but does no damage.
The ball python grabs you. The ball python constricts you.
The ball python barely misses you. The ball python constricts you.
The ball python bites you but does no damage.
The ball python constricts you.
You see here a tyrant leech corpse.
Your unstable footing causes you to fumble your attack.
The ball python bites you but does no damage.
The ball python constricts you.
The ball python bites you but does no damage.
The ball python constricts you.
Your unstable footing causes you to fumble your attack.
The ball python bites you but does no damage.
The ball python constricts you. The ball python loses its grip on you.
You barely miss the radroach.
The radroach is moderately wounded.
The radroach erupts in a fountain of uncontrolled magic!
You are blasted with magical radiation!!!
You die...
Your body disappears without a glow.

~~~~~.~~~~~†~♣~~§...
...~~....~~~.♣♣♣~..~
~..~~~....~~~~♣ ♣..~
.~~~.~~..~~~♣♣ .§<
~....~~..~.~♣ .. ~
♣♣♣♣♣..~~..♣♣
~.♣♣♣~♣♣♣S.♣♣♣♣♣
~.......♣B)♣
°~.~~~~~@♣♣♣
....~~~~~.♣
~.....~~~~♣
~$..~..~~~.♣
~~..~.....~♣
..~.♣.♣♣~.♣♣ .♣♣♣♣♣
♣..♣ ~..♣ ~~.♣


You could see a radroach shaped shifter and a ball python (misshapen).

Vanquished Creatures
  Kirke (Lair:5)
  An orc warlord (Orc:2)
  A bunyip (Swamp:1)
  An ettin (Orc:1)
  4 vault guards (D:14)
  4 hydras
  The ghost of ripuliukko the Thaumaturge, a journeyman GrEE of Vehumet (Orc:1)
  3 ogre magi
  7 centaur warriors
  3 catoblepae
  Erica (Lair:2)
  2 alligators (Swamp:1)
  An anaconda (Swamp:1)
  10 two-headed ogres
  8 boulder beetles
  2 tengu warriors (D:15)
  3 orc high priests (Orc:2)
  Urug (Lair:3)
  A shock serpent (Orc:2)
  5 goliath frogs
  A sea snake (shapeshifter) (Swamp:1)
  2 spriggan druids (Swamp:1)
  A bog body (Swamp:1)
  3 orc knights
  A mana viper (shapeshifter) (D:15)
  4 swamp dragons (Swamp:2)
  6 deep elf pyromancers
  A lindwurm (Lair:4)
  2 orc sorcerers (Orc:2)
  10 ugly things
  A moth of wrath (Lair:5)
  A manticore (Lair:5)
  A will-o-the-wisp (Swamp:1)
  4 kobold blastminers
  6 black mambas
  2 cyclopes
  An elephant (Lair:2)
  2 gargoyles
  Maggie (D:6)
  Jeremiah (D:6)
  17 cane toads
  5 rime drakes
  8 komodo dragons
  A queen bee (Lair:3)
  A bloated husk (Swamp:1)
  8 trolls
  A wolf spider simulacrum (D:14)
  5 polar bears
  Grinder (D:5)
  6 tyrant leeches
  29 blink frogs
  Prince Ribbit (D:5)
  Sigmund (D:4)
  11 slime creatures
  A shadow (D:9)
  46 yaks
  A vampire (D:9)
  8 basilisks
  7 wyverns
  3 hogs (Lair:5)
  A warg (D:15)
  2 steam dragons
  Edmund (D:4)
  12 vampire mosquitoes
  Menkaure (D:6)
  A swamp worm (Swamp:2)
  3 nagas (Lair:2)
  2 acid dragons
  Duvessa (D:4)
  17 water moccasins
  A swamp drake (shapeshifter) (D:14)
  An ice beast (D:5)
  28 orc warriors
  A sky beast (D:6)
  3 black bears
  12 ogres
  3 laughing skulls
  11 centaurs
  24 wolves
  4 boggarts (D:15)
  A phantom (D:2)
  4 kobold brigands
  15 bullfrogs
  5 scorpions
  14 wights
  Dowan (D:4)
  21 killer bees
  3 howler monkeys
  7 electric eels
  6 hounds
  A jelly (D:10)
  2 bombardier beetles
  27 orc priests
  2 sleepcaps
  A gnoll bouda (D:9)
  Jessica (D:2)
  6 hell rats (Lair:2)
  27 orc wizards
  6 iguanas
  Robin (D:3)
  8 gnolls
  8 adders
  A white imp (D:7)
  7 dart slugs
  2 ribbon worms
  85 orcs
  2 bats (D:3)
  9 endoplasms
  5 giant cockroaches
  15 goblins
  12 hobgoblins
  5 jackals
  16 kobolds
  3 quokkas
  6 ball pythons
  3 frilled lizards
  8 rats
747 creatures vanquished.

Vanquished Creatures (collateral kills)
  A fenstrider witch (Swamp:1)
  A bunyip (D:12)
  A hydra (Lair:5)
  A two-headed ogre (D:12)
  A spriggan (Swamp:2)
  A glowing orange brain (D:15)
  2 orc knights
  2 cane toads (Lair:5)
  A hornet (Swamp:2)
  2 tyrant leeches
  A wyvern (Lair:5)
  A swamp worm (Swamp:2)
  A water moccasin (Lair:3)
  A swamp drake (Swamp:2)
  2 orc warriors (D:11)
  A bullfrog (Lair:5)
  A jelly (Lair:5)
  An orc (Orc:2)
22 creatures vanquished.

Vanquished Creatures (others)
  3 bloated husks
  A slime creature (D:14)
  4 foxfires (Swamp:1)
8 creatures vanquished.

Grand Total: 777 creatures vanquished

Notes
Turn   | Place    | Note
-------+----------+-------------------------------------------
     0 | D:1      | postfeelist the Hill Orc Fighter began the quest for the
                  | Orb.
     0 | D:1      | Reached XP level 1. HP: 19/19 MP: 1/1
    43 | D:1      | Reached skill level 3 in Axes
   183 | D:1      | Reached XP level 2. HP: 20/26 MP: 2/2
   682 | D:1      | Reached skill level 4 in Axes
   996 | D:2      | Noticed a phantom
  1003 | D:2      | Reached XP level 3. HP: 11/29 MP: 3/3
  1021 | D:3      | Reached skill level 5 in Axes
  1566 | D:3      | Identified the +4 chain mail "Qiagaom" {rElec Str+2}
  1861 | D:3      | Reached XP level 4. HP: 39/39 MP: 4/4
  1926 | D:3      | Noticed Robin
  1949 | D:3      | Reached skill level 6 in Axes
  1949 | D:3      | Killed Robin
  2469 | D:2      | Noticed Jessica
  2476 | D:2      | Killed Jessica
  2477 | D:2      | Reached XP level 5. HP: 37/45 MP: 5/5
  2523 | D:2      | Killed a phantom
  2524 | D:2      | Reached skill level 7 in Axes
  2664 | D:4      | Reached skill level 8 in Axes
  2664 | D:4      | Reached XP level 6. HP: 38/51 MP: 6/6
  3033 | D:4      | Noticed Edmund
  3067 | D:5      | Entered Level 5 of the Dungeon
  3180 | D:5      | Got the Octavo of the Last Hells
  3214 | D:5      | Reached skill level 9 in Axes
  3333 | D:5      | Noticed an ice beast
  3353 | D:5      | Killed an ice beast
  3354 | D:5      | Reached XP level 7. HP: 57/57 MP: 7/7
  3358 | D:5      | Reached skill level 10 in Axes
  3950 | D:5      | Reached skill level 11 in Axes
  4082 | D:5      | Reached XP level 8. HP: 43/64 MP: 8/8
  4681 | D:5      | Found Buung's General Store.
  4691 | D:5      | Bought a scroll of enchant weapon for 82 gold pieces
  4757 | D:4      | Reached skill level 12 in Axes
  4968 | D:4      | Got the Treatise on Overcast Topology
  5063 | D:4      | Noticed Duvessa
  5065 | D:4      | Noticed Dowan
  5078 | D:4      | Killed Duvessa
  5079 | D:4      | Reached skill level 13 in Axes
  5099 | D:4      | Killed Dowan
  5676 | D:4      | Noticed Sigmund
  5697 | D:4      | Killed Sigmund
  5726 | D:4      | Killed Edmund
  5727 | D:4      | Reached skill level 14 in Axes
  6448 | D:5      | Noticed Prince Ribbit
  6467 | D:5      | Killed Prince Ribbit
  6468 | D:5      | Reached XP level 9. HP: 40/70 MP: 9/9
  6752 | D:6      | Noticed Grinder
  6753 | D:6      | Paralysed by Grinder for 2 turns
  6754 | D:6      | Noticed Maggie
  6775 | D:5      | Killed Grinder
  7156 | D:6      | Noticed a troll
  7156 | D:6      | Noticed Jeremiah
  7315 | D:6      | Noticed Menkaure
  7321 | D:6      | Killed Menkaure
  7349 | D:6      | Reached skill level 5 in Fighting
  8091 | D:6      | Reached skill level 5 in Armour
  8219 | D:6      | Killed a troll
  8509 | D:6      | Killed Maggie
  8621 | D:6      | Killed Jeremiah
  8622 | D:6      | Reached skill level 15 in Axes
  8812 | D:7      | Reached XP level 10. HP: 84/84 MP: 10/10
  9087 | D:7      | Reached skill level 5 in Shields
  9282 | D:7      | Found a staircase to the Ecumenical Temple.
  9288 | Temple   | Entered the Ecumenical Temple
  9305 | Temple   | Became a worshipper of Nemelex Xobeh the Trickster
  9403 | D:7      | Found Yficien's Magic Scroll Boutique.
  9599 | D:7      | Reached skill level 1 in Invocations
  9941 | D:7      | Found a blossoming altar of Fedhas.
  9963 | D:7      | Noticed an oklob plant
 10313 | D:8      | Reached * piety under Nemelex Xobeh
 10961 | D:8      | Found a white marble altar of Elyvilon.
 10998 | D:8      | Received a gift from Nemelex Xobeh
 11134 | D:9      | Reached skill level 5 in Invocations
 11362 | D:9      | Reached skill level 16 in Axes
 11375 | D:9      | Found a staircase to the Lair.
 11821 | D:9      | Reached XP level 11. HP: 91/91 MP: 16/16
 11892 | D:9      | Found Ytirch's Distillery.
 11990 | D:9      | Bought a potion of mutation for 104 gold pieces
 12331 | D:9      | Noticed a boulder beetle
 12340 | D:9      | Reached ** piety under Nemelex Xobeh
 12348 | D:9      | Killed a boulder beetle
 12710 | D:10     | Entered Level 10 of the Dungeon
 12818 | D:10     | Found a portal to a secret trove of treasure.
 13213 | D:10     | Found a staircase to the Orcish Mines.
 13439 | D:10     | Found a glowing golden altar of the Shining One.
 13439 | D:10     | Found a broken altar of Ashenzari.
 13440 | D:10     | Found a hide-covered altar of Uskayaw.
 15024 | D:11     | Noticed an orc knight
 15031 | D:11     | Killed an orc knight
 15779 | D:12     | Received a gift from Nemelex Xobeh
 15974 | D:12     | Noticed a boulder beetle
 15987 | D:12     | Killed a boulder beetle
 15996 | D:12     | Identified the +6 scale mail of Evolution {rCorr MP+9}
 16057 | D:12     | Noticed a green ugly thing
 16060 | D:12     | Killed a green ugly thing
 16325 | D:12     | Received a gift from Nemelex Xobeh
 16352 | D:12     | Reached *** piety under Nemelex Xobeh
 16485 | D:12     | Noticed a two-headed ogre
 16494 | D:12     | Killed a two-headed ogre
 16495 | D:12     | Reached XP level 12. HP: 103/103 MP: 19/19
 16533 | D:12     | a large slime creature changed into a bunyip
 16533 | D:12     | Noticed a bunyip
 16541 | D:12     | Killed a bunyip
 17166 | D:13     | Noticed a two-headed ogre
 17174 | D:13     | Killed a two-headed ogre
 17309 | D:13     | Noticed a centaur warrior
 17330 | D:13     | Banished a centaur warrior
 17465 | D:13     | Noticed a centaur warrior
 17468 | D:13     | Noticed a centaur warrior
 17481 | D:13     | Killed a centaur warrior
 17482 | D:13     | Reached skill level 10 in Shields
 17487 | D:13     | Killed a centaur warrior
 17488 | D:13     | Reached skill level 10 in Fighting
 17660 | D:13     | Found a radiant altar of Vehumet.
 17951 | D:13     | Received a gift from Nemelex Xobeh
 18232 | D:13     | Received a gift from Nemelex Xobeh
 18447 | D:13     | Noticed CapUranus's ghost (journeyman HOFi)
 18449 | D:13     | Found a runed translucent gate.
 18449 | D:13     | Identified the +0 chain mail of Bustuwn {+Blink}
 18467 | D:13     | Reached **** piety under Nemelex Xobeh
 18552 | D:13     | Found a runed translucent gate.
 18552 | D:13     | Found a runed translucent gate.
 18556 | D:13     | Noticed an eight-headed hydra
 18678 | Lair:1   | Entered Level 1 of the Lair of Beasts
 18739 | Lair:1   | Received a gift from Nemelex Xobeh
 18800 | Lair:1   | Identified the +7 war axe "Nocs" {drain, rF+ rN+}
 19434 | Lair:1   | Reached skill level 10 in Armour
 19470 | Lair:1   | Received a gift from Nemelex Xobeh
 19475 | Lair:1   | Identified the +0 chain mail "Osuhoic" {Str+5 Dex+4 Stlth+}
 19771 | Lair:2   | Found a staircase to the Snake Pit.
 19780 | Lair:2   | Reached XP level 13. HP: 92/116 MP: 20/20
 19949 | Lair:2   | Found a staircase to the Swamp.
 19957 | Lair:2   | Noticed Erica
 19977 | Lair:2   | Killed Erica
 20444 | Lair:2   | Reached ***** piety under Nemelex Xobeh
 20725 | Lair:2   | Reached skill level 10 in Invocations
 21046 | Lair:2   | Reached skill level 17 in Axes
 21246 | Lair:2   | Received a gift from Nemelex Xobeh
 21329 | Lair:2   | Found a blossoming altar of Fedhas.
 22137 | Lair:3   | Found a runed translucent door.
 22512 | Lair:3   | Received a gift from Nemelex Xobeh
 22739 | Lair:3   | Noticed Urug
 22744 | Lair:3   | Reached XP level 14. HP: 119/126 MP: 20/22
 22752 | Lair:3   | Killed Urug
 22753 | Lair:3   | Reached skill level 18 in Axes
 23321 | Lair:4   | Found a staircase to the Slime Pits.
 23321 | Lair:4   | Found a viscous altar of Jiyva.
 23675 | Lair:4   | Noticed Beaer's ghost (journeyman TrFi)
 23843 | Lair:4   | Received a gift from Nemelex Xobeh
 23864 | Lair:5   | Entered Level 5 of the Lair of Beasts
 24117 | Lair:4   | Found a transporter.
 24259 | Lair:4   | Found a transporter.
 24605 | Lair:5   | Reached skill level 19 in Axes
 25660 | Lair:5   | Identified the +4 chain mail of Lethargy {+Blink rC- Str+3}
 25726 | Lair:5   | Received a gift from Nemelex Xobeh
 26006 | Lair:5   | Identified the +7 battleaxe "Earthworm" {heavy, rElec}
 26006 | Lair:5   | Noticed Kirke
 26068 | Lair:5   | Identified the +0 long sword "Rummage" {heavy, *Noise Str+6
                  | SInv}
 26072 | Lair:5   | Killed Kirke
 26115 | Lair:5   | Reached XP level 15. HP: 134/134 MP: 26/26
 26679 | Orc:1    | Entered Level 1 of the Orcish Mines
 26699 | Orc:1    | Reached skill level 15 in Invocations
 26919 | Orc:1    | Found a runed translucent door.
 26987 | Orc:1    | Noticed ripuliukko's ghost (journeyman GrEE)
 27007 | Orc:2    | Entered Level 2 of the Orcish Mines
 27138 | Orc:2    | Received a gift from Nemelex Xobeh
 27266 | Orc:2    | Found a staircase to the Elven Halls.
 27361 | Orc:2    | Found a roughly hewn altar of Beogh.
 27610 | Orc:2    | Noticed an orc warlord
 28326 | Orc:2    | Found Diusiegh's Antique Armour Boutique.
 28327 | Orc:2    | Found Ryro's Antique Weapon Boutique.
 28329 | Orc:2    | Found Ystrejo's General Store.
 28329 | Orc:2    | Found Cuzaacis's Book Shop.
 28334 | Orc:2    | Bought a runed cloak for 217 gold pieces
 28361 | Orc:2    | Killed an orc warlord
 28660 | Orc:2    | Bought a dazzling helmet for 275 gold pieces
 28660 | Orc:2    | Identified the +1 helmet of Jytod {+Blink rC++ Str-4
                  | Slay-6} (You bought it in a shop on level 2 of the Orcish
                  | Mines)
 28728 | Orc:2    | Bought the +2 hat of the Bear Spirit {Spirit, Bear, *Rage
                  | Will++} for 1012 gold pieces
 28728 | Orc:2    | Found the +2 hat of the Bear Spirit {Spirit, Bear, *Rage
                  | Will++}
 28955 | Orc:1    | Received a gift from Nemelex Xobeh
 29507 | D:13     | Found a roughly hewn altar of Beogh.
 29722 | D:14     | Found a flickering gateway to a bazaar.
 29723 | D:14     | Reached ****** piety under Nemelex Xobeh
 29729 | Bazaar   | Entered a bazaar
 29849 | Bazaar   | Found Pakiduts's Jewellery Boutique.
 29858 | Bazaar   | Found Qorphasio's Jewellery Shop.
 29864 | Bazaar   | Found Vequlif's Book Boutique.
 29867 | Bazaar   | Bought the ring "Cunietoq" {*Corrode Str+6 Int+3 Dex+3} for
                  | 650 gold pieces
 29875 | Bazaar   | Found Jimoprosi's Book Emporium.
 29879 | Bazaar   | Found Totwets's Antique Weapon Emporium.
 30005 | D:14     | Received a gift from Nemelex Xobeh
 30111 | D:14     | Found a gate to the Vaults.
 30126 | D:14     | Reached skill level 20 in Axes
 30822 | D:15     | Entered Level 15 of the Dungeon
 30907 | D:15     | Found a stormy altar of Qazlal.
 31210 | D:15     | Found a staircase to the Depths.
 31283 | D:15     | Found Fuvipp's Book Emporium.
 31439 | D:15     | Reached XP level 16. HP: 133/144 MP: 26/28
 31482 | D:15     | Found a runed translucent gate.
 31482 | D:15     | Found a runed translucent gate.
 31482 | D:15     | Found a runed translucent gate.
 31485 | D:15     | Noticed Yakesh's ghost (journeyman MiFi)
 32169 | Orc:1    | Killed ripuliukko's ghost
 32517 | Swamp:1  | Entered Level 1 of the Swamp
 32823 | Swamp:1  | Reached skill level 21 in Axes
 32861 | Swamp:1  | Received a gift from Nemelex Xobeh
 32990 | Swamp:1  | Received a gift from Nemelex Xobeh
 33646 | Swamp:1  | Noticed a fenstrider witch
 33651 | Swamp:1  | Killed a fenstrider witch
 33964 | Swamp:2  | Received a gift from Nemelex Xobeh
 34029 | Swamp:2  | Slain by a radroach (shapeshifter)

Illustrated notes

Levels and vault maps discovered:
D:1:      matt_arrival_spirals, layout_basic
D:2:      layout_basic, uniq_jessica
D:3:      layout_basic, uniq_robin
D:4:      layout_cave_pods, uniq_duvessa, uniq_edmund, uniq_sigmund
D:5:      layout_basic, serial_shops, shop, uniq_prince_ribbit1
D:6:      layout_basic, uniq_jeremiah, uniq_maggie, uniq_menkaure, uniq_grinder
D:7:      layout_cave_pools, tgw_fedhas, minmay_temple_entry_fiery,
          serial_bayou, serial_bayou_crossing, serial_bayou_pond_e,
          serial_bayou_lake_a, serial_bayou_shore_b, serial_bayou_pond_e,
          serial_bayou_pond_a, serial_shops, nicolae_shop_rolled_up
D:8:      layout_cave_pools, elyvilon_altar_5
D:9:      minmay_octagon_keep, layout_stronghold, erik_lair_island,
          serial_shops, shop
D:10:     layout_rooms, gammafunk_temple_overflow_claw,
          kennysheep_orc_monster_closet_entryway,
          nicolae_trove_entry_free_sample
D:11:     nicolae_cairo_tiling_large, layout_basic
D:12:     layout_loops_corners
D:13:     layout_basic, biasface_ghost_orc_armoury, fiery_altar_vehumet
D:14:     layout_roguey, lightli_vaults_fourway_checkpoint, serial_shops,
          bzr_entry_water, serial_corexii_hall, corexii_hall_statues_t,
          chequers_hall_statues_y, nicolae_elevator_lobby_plus
D:15:     gammafunk_enter_depths_forms, layout_small_grid, glass_columns_b,
          serial_shops, shop, ebering_ghost_rock_garden,
          nicolae_qazlal_scattered_showers
Temple:   nicolae_temple_bog_church
Lair:1:   layout_cave_pods
Lair:2:   regret_index_malice_mire, layout_misc_corridors,
          minmay_swamp_entry_reptiles, guppyfry_snake_entry_garden,
          hangedman_tree_tricks, serial_bayou_pond_b, lemuel_fruit_tree,
          uniq_erica
Lair:3:   gammafunk_indiana_jones, layout_small_grid, special_room
          [special_room_bee], uniq_urug
Lair:4:   layout_layer_cave, slime_entry_1, gammafunk_ghost_wrathful_warriors,
          serial_bayou_shore_b
Lair:5:   minmay_lair_end_frog_pond, layout_concentric_octagons,
          serial_bayou_shore_b, uniq_kirke
Swamp:1:  layout_basic_swamp, serial_swamp_ruin, evilmike_swamp_ruin_rubble_2,
          evilmike_swamp_ruin_house_1, swamp_pool_4, nicolae_swamp_snake_nest
Swamp:2:  layout_basic_swamp, evilmike_swamp_ruin_house_2, st_swamp_ruins_1,
          infiniplex_staircase_pool
Orc:1:    layout_caves, ebering_ghost_reflecting_pool
Orc:2:    st_orc_congregation, layout_diamond_mine, basic_altar

Skill      XL: |  1  2  3  4  5  6  7  8  9 10 11 12 13 14 15 16 |
---------------+-------------------------------------------------+-----
Axes           | 3 4 5 6 8 9 11 14 15 16 17 19 20 21 | 21.2
Fighting       | 6 8 11 12 13 | 13.3
Armour         | 6 7 10 11 13 14 | 14.2
Shields        | 4 6 9 11 12 13 | 13.0
Invocations    | 7 9 11 14 16 17 | 17.7

Action                     |  1- 3 |  4- 6 |  7- 9 | 10-12 | 13-15 | 16-18 || total
---------------------------+-------+-------+-------+-------+-------+-------++-------
  Melee: War axe           |    93 |   102 |   259 |   625 |   755 |       ||  1834
         Battleaxe         |       |       |       |       |    92 |   118 ||   210
  Throw: Javelin           |     3 |     6 |    14 |    15 |     6 |       ||    44
 Invoke: Draw Destruction  |       |       |       |     8 |    33 |    12 ||    53
         Draw Summoning    |       |       |       |     3 |    12 |     2 ||    17
         Draw Escape       |       |       |       |     4 |    10 |     5 ||    19
         Deal Four         |       |       |       |       |       |     1 ||     1
  Evoke: Lightning rod     |       |       |       |     3 |     4 |       ||     7
         Wand              |       |       |       |     2 |    10 |     2 ||    14
         Tin of tremorston |       |       |       |       |     2 |       ||     2
    Use: Potion            |       |       |     1 |     7 |     2 |     1 ||    11
         Scroll            |       |       |     7 |    10 |     6 |     1 ||    24
   Stab: Distracted        |       |       |       |     1 |     1 |       ||     2
         Petrified         |       |       |       |       |     4 |       ||     4
 Armour: Scale mail        |    57 |       |       |       |       |       ||    57
         Chain mail        |    10 |    48 |   150 |   393 |   460 |       ||  1061
         Plate armour      |       |       |       |       |    99 |   144 ||   243
  Dodge: Dodged            |    43 |    52 |   113 |   243 |   216 |    31 ||   698
  Block: Buckler           |    24 |    18 |    52 |    84 |       |       ||   178
         Kite shield       |       |       |       |   112 |   364 |       ||   476
